 Dungeon Crawl Stone Soup version 0.25.1-4-g9407a263a5 (webtiles) character file.

Game seed: 6520705768017647069

144 Erymatos the Chopper (level 5, -2/47 HPs)
             Began as a Minotaur Berserker on Nov 25, 2020.
             Was a Believer of Trog.
             Slain by a phantom (5 damage)
             ... on level 4 of the Dungeon.
             The game lasted 00:03:03 (1432 turns).

Erymatos the Chopper (Minotaur Berserker)           Turns: 1432, Time: 00:03:03

Health: -2/47      AC:  6    Str: 23    XL:     5   Next: 5%
Magic:  4/4        EV: 11    Int:  4    God:    Trog [**....]
Gold:   123        SH:  0    Dex:  9    Spells: 4/4 levels left

rFire    . . .     SeeInvis +   a - +0 hand axe
rCold    . . .     Gourm    .   (no shield)
rNeg     . . .     Faith    .   s - +0 scale mail
rPois    .         Spirit   .   (helmet restricted)
rElec    .         Reflect  .   (no cloak)
rCorr    .         Harm     .   (no gloves)
MR       .....                  (no boots)
Stlth    ..........             (no amulet)
HPRegen  0.15/turn              k - ring of see invisible
MPRegen  0.09/turn              (no ring)

@: berserk cooldown
A: retaliatory headbutt, horns 2
a: Berserk, Trog's Hand, Renounce Religion


You were on level 4 of the Dungeon.
You worshipped Trog.
Trog was pleased with you.
You were not hungry.

You visited 1 branch of the dungeon, and saw 3 of its levels.

You collected 123 gold pieces.

Inventory:

Hand Weapons
 a - a +0 hand axe (weapon)
Armour
 s - a +0 scale mail (worn)
Jewellery
 i - an uncursed ring of flight
 k - a ring of see invisible (left hand)
Scrolls
 e - 2 scrolls of identify {unknown}
 f - 2 scrolls of blinking
 l - 2 scrolls of magic mapping {unknown}
 m - 2 scrolls of remove curse
 o - a scroll of immolation {unknown}
 p - a scroll of fear {unknown}
 q - a scroll of teleportation {unknown}
Potions
 d - a potion of haste {unknown}
 h - a potion of mutation {unknown}
 j - a potion of lignification {unknown}
 n - a potion of heal wounds {unknown}
Comestibles
 c - 8 rations


   Skills:
 + Level 4.9 Fighting
 + Level 5.5 Axes
 + Level 2.7 Armour
 + Level 2.9 Dodging


You had 4 spell levels left.
You didn't know any spells.
Your spell library was empty.

Dungeon Overview and Level Annotations

Branches:
Dungeon (4/15)
 Temple: D:4-7

Altars:


Innate Abilities, Weirdness & Mutations

You reflexively headbutt those who attack you in melee.
You have a pair of horns on your head.


Message History

You hit the phantom but do no damage. Your headbutt misses the phantom.
The phantom is almost destroyed.
The phantom blinks!
The phantom blinks!
You hear the quick rusting of a distant drain.
You closely miss the phantom.
The phantom is almost destroyed.
The phantom hits you.
* * * LOW HITPOINT WARNING * * *
The phantom blinks!
You feel yourself speed up.
The phantom hits you but does no damage.
You barely miss the phantom.
The phantom is almost destroyed.
The phantom hits you!
* * * LOW HITPOINT WARNING * * *
You miss the phantom.
The phantom is almost destroyed.
The phantom hits you.
You die...

..## ... ##..
...##.##... #..#.#..#
#.#)#.# ### #..$†.#
#.. ##%..## ##### #.#
#.#.).####...# #.#
#.#...#......#
#.#######.##@#####...#
#.#.....#.##W# ##.##
####.#.....#..#.# #.#
#....#.....#..#.# #.#
#.##.#.....#..#.#
###.#####
#.##............#
#.......# .
#.#######.#.#####
#.#.###.# # #.....#
#.#+## #.#.# #.# #
#.###.###....##
#.#.###.# #


You could see a phantom.

Vanquished Creatures
  An orc priest (D:4)
  A bullfrog skeleton (D:4)
  A gnoll (D:4)
  4 adders (D:4)
  An ooze (D:1)
  A leopard gecko (D:2)
  4 orcs (D:4)
  6 bats
  A goblin (D:1)
  2 hobgoblins
  A jackal (D:4)
  A quokka (D:4)
  A ball python (D:2)
  4 frilled lizards
  2 kobolds (D:2)
  A leopard gecko skeleton (D:4)
  4 rats
36 creatures vanquished.

Notes
Turn   | Place    | Note
-------+----------+-------------------------------------------
     0 | D:1      | Erymatos the Minotaur Berserker began the quest for the
                  | Orb.
     0 | D:1      | Reached XP level 1. HP: 19/19 MP: 0/0
   191 | D:1      | Reached skill level 4 in Axes
   191 | D:1      | Reached XP level 2. HP: 27/27 MP: 1/1
   985 | D:2      | You fall into a shaft and drop 2 floors!
   990 | D:4      | Reached XP level 3. HP: 34/34 MP: 2/2
   995 | D:4      | Reached ** piety under Trog
   995 | D:4      | Reached XP level 4. HP: 41/41 MP: 3/3
  1173 | D:4      | Reached skill level 5 in Axes
  1377 | D:4      | Noticed a phantom
  1389 | D:4      | Reached XP level 5. HP: 31/47 MP: 4/4
  1432 | D:4      | Slain by a phantom

Illustrated notes

Levels and vault maps discovered:
D:1:      dpeg_arrival_short_road, layout_basic
D:2:      layout_basic, minmay_misc_feat_nine_boxes
D:4:      minmay_general_purpose_star, layout_loops_corners,
          vehumet_altar_wand_db, gup_sewer_entry_bowl, minmay_misc_feat_rows

Skill      XL: |  1  2  3  4 |
---------------+-------------+-----
Axes           | 4 5 |  5.5
Fighting       | 4 |  4.9
Armour         | |  2.7
Dodging        | |  2.9

Action                   |  1- 3 |  4- 6 || total
-------------------------+-------+-------++-------
Melee: Hand axe          |    39 |    38 ||    77
       Headbutt          |     9 |     7 ||    16
Invok: Berserk           |     1 |     1 ||     2
  Use: Scroll            |       |     2 ||     2
  Eat: Chunk             |       |     3 ||     3
Armor: Animal skin       |     7 |     1 ||     8
       Scale mail        |       |     8 ||     8
Dodge: Dodged            |    33 |    24 ||    57
